 Dungeon Crawl Stone Soup version 0.27-a0-972-gd1521fd518 (webtiles) character file.

Game seed: 1053502105209937817

28 Alarkh the Insei (level 3, 0/26 HPs)
             Began as a Demonspawn Transmuter on Apr 13, 2021.
             Succumbed to an adder's poison
             ... on level 3 of the Dungeon.
             The game lasted 00:01:16 (1421 turns).

Alarkh the Insei (Demonspawn Transmuter)            Turns: 1421, Time: 00:01:16

Health: 0/26       AC:  2    Str: 10    XL:     3   Next: 0%
Magic:  6/6        EV: 12    Int: 15    God:
Gold:   39         SH:  0    Dex: 13    Spells: 5/6 levels left

rFire    . . .     SeeInvis .     - Unarmed
rCold    . . .     Faith    .   (no shield)
rNeg     . . .     Spirit   .   a - +0 robe
rPois    .         Reflect  .   (no helmet)
rElec    .         Harm     .   (no cloak)
rCorr    .         Rampage  .   (no gloves)
Will     .....                  (no boots)
Stlth    +.........             (no amulet)
HPRegen  0.08/turn              (no ring)
MPRegen  0.10/turn              (no ring)

@: mighty, lethally poisoned (0 -> -4)
A: demonic guardian 1, powered by death 1
a: no special abilities


You were on level 3 of the Dungeon.
You visited 1 branch of the dungeon, and saw 3 of its levels.

You collected 39 gold pieces.

Inventory:

Armour
 a - a +0 robe (worn)
Magical Staves
 c - a staff of fire
Jewellery
 b - a +6 ring of intelligence
Scrolls
 g - a scroll of immolation {unknown}
 h - a scroll of identify {unknown}
 k - a scroll of teleportation {unknown}
Potions
 e - a potion of attraction {unknown}
 f - a potion of ambrosia {unknown}
 i - a potion of curing {unknown}
 j - a potion of lignification {unknown}


   Skills:
 + Level 1.4 Fighting
 - Level 1.7 Dodging
 * Level 3.2 Unarmed Combat
 + Level 2.2 Spellcasting
 + Level 2.1 Transmutations


You had 5 spell levels left.
You knew the following spells:

 Your Spells              Type           Power      Damage    Failure   Level
a - Beastly Appendage     Tmut           16%        N/A       9%          1

Your spell library contained the following spells:

 Spells                   Type           Power      Damage    Failure   Level
 Wereblood                Tmut           8%         N/A       14%         2
 Animate Skeleton         Necr           2%         N/A       22%         1
 Apportation              Tloc           2%         N/A       22%         1
 Corona                   Hex            1%         N/A       22%         1
 Summon Small Mammal      Summ           4%         N/A       22%         1
 Spider Form              Tmut/Pois      2%         N/A       38%         3
 Ice Form                 Ice/Tmut       4%         N/A       80%         4
 Hydra Form               Tmut           4%         N/A       94%         5


Dungeon Overview and Level Annotations

Branches:
Dungeon (3/15)

Altars:


Innate Abilities, Weirdness & Mutations

A weak demonic guardian rushes to your aid.
You regenerate a little health from kills.


Message History

Casting: Beastly Appendage (safe; 9% risk of failure)
Confirm with . or Enter, or press ? or * to list all spells.
You grow a pair of large bovine horns.
Your feet morph into talons.
The adder hisses angrily.
Unknown command.
A rat comes into view.
Your transformation is almost over.
You closely miss the adder. You claw the adder, but do no damage.
The adder closely misses you.
You barely miss the adder. Your kick misses the adder.
Your headbutt misses the adder. The adder bites you.
You are poisoned.
The adder poisons you!
You closely miss the adder. Your headbutt misses the adder.
You feel sick. The adder bites you. The adder bites you but does no damage.
You closely miss the adder. Your headbutt misses the adder.
Your horns disappear.
Your talons disappear.
You feel sick. The adder bites you.
A demonic guardian appears!
You are more poisoned.
The adder poisons you!
You miss the adder.
You feel very sick. The adder bites you.
You are too injured to fight recklessly!
Okay, then.
You miss the adder.
* * * LOW HITPOINT WARNING * * *
You feel sick.
Your ufetubus hits the adder. x2
The adder completely misses your ufetubus.
Your ufetubus hits the adder.
Your ufetubus closely misses the adder.
You miss the adder.
The adder is severely wounded.
* * * LOW HITPOINT WARNING * * *
You feel sick. The adder completely misses you.
Your ufetubus closely misses the adder. x2; The adder bites you.
* * * LOW HITPOINT WARNING * * *
A demonic guardian appears!
It was a potion of might.
You feel very mighty all of a sudden.
You die...

#.#.#..#.#.......#
#......#.....#...#
##.#.#......#.#
..#
#.............# .#
#.............# .
..#..............
#.#.#######.....
#.#.............
#.#.@5....##..#.
#.#.S5........
#.#.......###
#.#.......#
#.........#
###.......#
#####...##
#......#
#####......#


You could see an adder (ally target), a friendly iron imp (summoned) and a
friendly ufetubus (summoned).

Vanquished Creatures
  An adder (D:2)
  2 ball pythons
  2 endoplasms (D:1)
  2 goblins (D:1)
  2 hobgoblins
  A quokka (D:2)
  3 bats (D:1)
  A frilled lizard (D:2)
  2 kobolds (D:2)
  4 rats
20 creatures vanquished.

Notes
Turn   | Place    | Note
-------+----------+-------------------------------------------
     0 | D:1      | Alarkh the Demonspawn Transmuter began the quest for the
                  | Orb.
     0 | D:1      | Reached XP level 1. HP: 15/15 MP: 3/3
   373 | D:1      | Gained mutation: You regenerate a little health from kills.
                  | [demonic ancestry]
   373 | D:1      | Reached XP level 2. HP: 21/21 MP: 3/5
   797 | D:2      | Reached skill level 3 in Unarmed Combat
  1176 | D:2      | Gained mutation: A weak demonic guardian rushes to your
                  | aid. [demonic ancestry]
  1176 | D:2      | Reached XP level 3. HP: 25/26 MP: 4/6
  1420 | D:3      | HP: 1/26 [adder (4)]
  1421 | D:3      | Succumbed to an adder's poison

Illustrated notes

Levels and vault maps discovered:
D:1:      ncdulo_watergridlock, layout_loops_ring, basic_ecumenical_altar
D:2:      layout_loops_ring
D:3:      layout_basic

Skill      XL: |  1  2 |
---------------+-------+-----
Transmutations | 2 |  2.1
Unarmed Combat | 3 |  3.2
Fighting       | |  1.4
Dodging        | |  1.7
Spellcasting   | |  2.2

Action                   || total
-------------------------++-------
Melee: Unarmed           ||    59
       Kick              ||    20
       Headbutt          ||     4
 Cast: Beastly Appendage ||    20
  Use: Potion            ||     1
Armor: Robe              ||    11
Dodge: Dodged            ||    42

Table legend: (Time is in decaauts)
 A = Elapsed time spent in this place.
 B = Non-inter-level travel time spent in this place.
 C = Inter-level travel time spent in this place.
 D = Time resting spent in this place.
 E = Time spent auto-exploring this place.
 F = Levels seen in this place.
 G = Mean time per level.
                   A        B        C        D        E       F      G
               +--------+--------+--------+--------+--------+-----+--------+
         Total |   1418 |   1346 |     72 |      0 |   1183 |   3 |  472.7 |
       Dungeon |   1418 |   1346 |     72 |      0 |   1183 |   3 |  472.7 |
               +--------+--------+--------+--------+--------+-----+--------+

Top non-repeatable levels by time:
     D:1: 743 daAuts
     D:2: 618 daAuts
     D:3: 56 daAuts
